 Dungeon Crawl Stone Soup version 0.28-a0-128-gcbb86046cc (webtiles) character file.

Game seed: 11859188061698296323

2 hatdisgam the Magician (level 1, -1/13 HPs)
             Began as a Gnoll Wanderer on Aug 15, 2021.
             Slain by a jackal (2 damage)
             ... on level 1 of the Dungeon.
             The game lasted 00:00:33 (59 turns).

hatdisgam the Magician (Gnoll Wanderer)               Turns: 59, Time: 00:00:34

Health: -1/13      AC:  2    Str: 10    XL:     1   Next: 40%
Magic:  8/8        EV: 11    Int:  9    God:
Gold:   5          SH:  0    Dex: 14    Spells: 14/14 levels left

rFire   . . .      SeeInvis .   a - +0 dagger
rCold   . . .      Faith    .   (no shield)
rNeg    . . .      Spirit   .   b - +0 robe
rPois   .          Reflect  .   (no helmet)
rElec   .          Harm     .   (no cloak)
rCorr   .          Rampage  .   (no gloves)
Will    .....                   (no boots)
Stlth   ++........              (no amulet)
HPRegen 0.04/turn               (no ring)
MPRegen 0.11/turn               (no ring)

@: flying
A: fangs 1, strong nose, distributed training
a: no special abilities


You were on level 1 of the Dungeon.
You visited 1 branch of the dungeon, and saw 1 of its levels.

You collected 5 gold pieces.

Inventory:

Hand Weapons
 a - a +0 dagger (weapon)
Armour
 b - a +0 robe (worn)
Scrolls
 d - a scroll of amnesia {unknown}
Potions
 e - a potion of flight


   Skills:
 + Level 0.0 Fighting
 + Level 0.0 Short Blades
 + Level 0.0 Long Blades
 + Level 0.0 Axes
 + Level 0.0 Maces & Flails
 + Level 0.0 Polearms
 + Level 0.0 Staves
 + Level 0.0 Slings
 + Level 0.0 Bows
 + Level 0.0 Crossbows
 + Level 0.0 Throwing
 + Level 0.0 Armour
 + Level 0.0 Dodging
 + Level 2.1 Stealth
 + Level 0.0 Shields
 + Level 0.0 Unarmed Combat
 + Level 7.0 Spellcasting
 + Level 0.0 Conjurations
 + Level 0.0 Hexes
 + Level 0.0 Summonings
 + Level 0.0 Necromancy
 + Level 3.6 Translocations
 + Level 0.0 Transmutations
 + Level 0.0 Fire Magic
 + Level 0.0 Ice Magic
 + Level 0.0 Air Magic
 + Level 5.3 Earth Magic
 + Level 0.0 Poison Magic
 + Level 0.1 Invocations
 + Level 2.3 Evocations


You had 14 spell levels left.
You didn't know any spells.
Your spell library contained the following spells:

 Spells                   Type           Power      Damage    Failure   Level
 Blink                    Tloc           N/A        N/A       7%          2
 Gell's Gravitas          Tloc           4%         N/A       13%         3
 Lesser Beckoning         Tloc           4%         N/A       13%         3
 Teleport Other           Tloc           9%         N/A       13%         3
 Manifold Assault         Tloc           9%         N/A       77%         5


Dungeon Overview and Level Annotations

Branches:
Dungeon (1/15)

Altars:


Innate Abilities, Weirdness & Mutations

You have very sharp teeth.
Your uncanny sense of smell can sniff out nearby items.
Your experience applies equally to all skills.


Message History

The goblin hits you with a +0 club.
* * * LOW HITPOINT WARNING * * *
You hit the goblin.
You kill the goblin!
The bat hits you but does no damage.
You hit the rat but do no damage. The rat bites you but does no damage.
You closely miss the rat. The rat bites you but does no damage.
You hit the rat.
The rat is moderately wounded.
The rat bites you but does no damage.
You hit the rat.
The rat is severely wounded.
Your transformation is almost over.
The rat bites you but does no damage.
You closely miss the rat.
The rat is severely wounded.
The rat barely misses you.
You hit the rat.
You kill the rat!
The bat hits you but does no damage.
You barely miss the bat. The bat hits you but does no damage. x2
You miss the bat. The bat hits you but does no damage. The bat hits you.
* * * LOW HITPOINT WARNING * * *
You hit the bat but do no damage. The bat barely misses you.
You hit the bat.
The bat is moderately wounded.
The bat hits you but does no damage. x2
You closely miss the bat. The bat hits you but does no damage. x2
You hit the bat but do no damage. The bat hits you but does no damage.
You barely miss the bat.
You feel less wooden.
Your +0 robe unmelds from your body.
The bat hits you but does no damage. x2
You closely miss the bat. The bat hits you but does no damage.
The bat closely misses you.
You hit the bat.
You kill the bat!
It was a potion of flight.
You feel very buoyant.
You fly up into the air.
The jackal bites you.
You die...

#...............##....#
...#..#.<.#..#...#....#
#...............##....#
..#...#.#.#.#....#....# ..
#...#...........##....# ...
......#....#.....#....#....
#.......#.......##.........
..........#......##Shh.....
#...[..........@##..rSh....
.#.#.#.#.#.#.#.#hSh###...#.
###############g### .S?..
.... ...h #...... ∆ ...
......... ... ...........
∆.........#.. .........#...


You could see 2 jackals, a goblin and a ball python.

Vanquished Creatures
  A goblin (D:1)
  A bat (D:1)
  A rat (D:1)
3 creatures vanquished.

Notes
Turn   | Place    | Note
-------+----------+-------------------------------------------
     0 | D:1      | hatdisgam the Gnoll Wanderer began the quest for the Orb.
     0 | D:1      | hatdisgam set off with the following items: a +0 dagger, a
                  | +0 robe, a potion of lignification; and the following
                  | spells available to memorise: Blink, Gell's Gravitas,
                  | Lesser Beckoning, Teleport Other, Manifold Assault
     0 | D:1      | Reached XP level 1. HP: 13/13 MP: 8/8
    59 | D:1      | Slain by a jackal

Illustrated notes

Levels and vault maps discovered:
D:1:      co_arrival_square_in_a_square_in_a_square, layout_basic

Action                   || total
-------------------------++-------
Melee: Dagger            ||    29
       Bite              ||     1
  Use: Potion            ||     2
Armor: Skin              ||    18
       Robe              ||    10
Dodge: Dodged            ||    11

Table legend: (Time is in decaauts)
 A = Elapsed time spent in this place.
 B = Non-inter-level travel time spent in this place.
 C = Inter-level travel time spent in this place.
 D = Time resting spent in this place.
 E = Time spent auto-exploring this place.
 F = Levels seen in this place.
 G = Mean time per level.
                   A        B        C        D        E       F      G
               +--------+--------+--------+--------+--------+-----+--------+
         Total |     59 |     59 |      0 |      0 |     19 |   1 |   59.0 |
       Dungeon |     59 |     59 |      0 |      0 |     19 |   1 |   59.0 |
               +--------+--------+--------+--------+--------+-----+--------+

Top non-repeatable levels by time:
     D:1: 59 daAuts
